 Dungeon Crawl Stone Soup version 0.31-a0-303-gdc8c9485ea (webtiles) character file.

Game seed: 13882149302325515736

1353 cforsyth the Grappler (level 9, 0/82 HPs)
             Began as a Meteoran Fighter on July 17, 2023.
             Slain by a hornet (11 damage)
             ... on level 7 of the Dungeon.
             The game lasted 00:11:57 (2288 turns).

cforsyth the Grappler (Meteoran Fighter)            Turns: 2288, Time: 00:11:57

Health: 0/82       AC: 11    Str: 21    XL:     9   Next: 16%
Magic:  10/10      EV:  7    Int: 10    God:
Gold:   146        SH:  5    Dex: 15    Spells: 8/8 levels left

rFire   . .          .
                       - Unarmed
rCold   . . .        b - +0 buckler
rNeg    . . .        e - +0 chain mail
rPois   .            (no helmet)
rElec   .            (no cloak)
rCorr   .            t - +1 pair of gloves
SInv    .            (no boots)
Will    +....        (no amulet) Stlth
                     l - ring of flight
HPRegen 0.33/turn    (no ring)
MPRegen 0.12/turn

%: no passive effects
@: flying, slowed, glowing, very slow
A: sense surroundings 2, otherworldly, glowing, explore regen
a: no special abilities


You were on level 7 of the Dungeon.
You visited 2 branches of the dungeon, and saw 8 of its levels.

You collected 146 gold pieces.

Inventory:

Armour
 a - a +0 scale mail
 b - a +0 buckler (worn)
 e - a +0 chain mail (worn)
 t - a +1 pair of gloves (worn)
Jewellery
 f - a ring of magical power
 l - a ring of flight (left hand)
Wands
 u - a wand of iceblast (13)
Scrolls
 c - a scroll of blinking
 g - a scroll of fear {unknown}
 h - a scroll of enchant weapon {unknown}
 i - 3 scrolls of teleportation
 n - 3 scrolls of enchant armour
 o - a scroll of amnesia {unknown}
 p - a scroll of poison {unknown}
 s - a scroll of summoning {unknown}
 v - a scroll of torment {unknown}
Potions
 d - a potion of attraction
 j - 4 potions of heal wounds
 k - 3 potions of mutation
 m - a potion of resistance
 q - a potion of enlightenment
 r - 3 potions of curing


   Skills:
 + Level 8.6 Fighting
 - Level 3.6 Armour
 - Level 3.6 Shields
 + Level 9.0 Unarmed Combat


You had 8 spell levels left.
You didn't know any spells.
Your spell library contained the following spells:

 Spells                   Type           Power      Damage    Failure   Level
 Blink                    Tloc           0%         N/A       99%         2
 Ensorcelled Hibernation  Hex/Ice        0%         N/A       99%         2
 Passwall                 Tmut/Erth      0%         N/A       99%         2
 Swiftness                Air            0%         N/A       100%        3
 Manifold Assault         Tloc           0%         N/A       100%        4


Dungeon Overview and Level Annotations

Branches:
Dungeon (7/15) Zot: 1978   Temple (1/1) D:5 Zot: 546

Altars:
Ashenzari
Hepliaklqana
Nemelex Xobeh
Ru
Sif Muna
Trog
Uskayaw
Wu Jian
Xom
The Shining One

Annotations:
D:4 2 runed translucent doors, salammoniac's ghost, amateur FeSh
D:5 Duvessa


Innate Abilities, Weirdness & Mutations

You passively map the area around you.
You are easily found by Zot.
You glow in the dark.
You regain HP and MP as you explore.


Message History

You feel yourself slow down.
You hit the hornet but do no damage.
The hornet is moderately wounded.
You feel yourself speed up.
You feel very sick. The hornet stings you.
You feel yourself slow down. The hornet stings you!
You feel as though you will be slow longer.
You punch the hornet!
The hornet is severely wounded.
You feel sick. The hornet stings you.
You feel as though you will be slow longer.
The hornet stings you but does no damage.
You hit the hornet.
The hornet is almost dead.
You feel sick. You block the hornet's attack. The hornet stings you!
You feel as though you will be slow longer.
You barely miss the hornet.
The hornet is almost dead.
You feel sick.
The hornet stings you but does no damage.
The hornet completely misses you.
You barely miss the hornet.
The hornet is almost dead.
You feel sick. The hornet stings you!
* * * LOW HITPOINT WARNING * * *
You feel as though you will be slow longer.
The hornet stings you!
* * * LOW HITPOINT WARNING * * *
You suddenly lose the ability to move!
You can move again.
You barely miss the hornet.
The hornet is almost dead.
You feel sick.
You are no longer poisoned.
The hornet stings you but does no damage.
You block the hornet's attack.
You barely miss the hornet.
The hornet is almost dead.
The hornet stings you!
You die...

,* , * * * P.§..
, §_.#., , , ,,
...P.# * * ,** ,
...P.. *##* * *
*, .#§P.. .., ,*
,§.....###.###.#
* #y@......# ***
* , ,,#.##.##...
, , * #.# ,# * *
* * , * #.# , **
, * * , #.# ,
,** * ###.# * *
, * ##...# *, *,
*, * #.##...# *
,, * * **
#.#.####.#*** *


You could see a hornet.

Vanquished Creatures
  Sigmund (D:3)
  Eustachio (D:5)
  2 water moccasins (D:6)
  A black bear (D:4)
  2 ogres (D:5)
  A phantom (D:4)
  A kobold brigand (D:6)
  2 scorpions (D:5)
  Dowan (D:5)
  2 hounds
  An iguana (D:4)
  4 gnolls (D:4)
  4 adders
  A shadow imp (D:7)
  An ufetubus (D:6)
  2 worms
  2 dart slugs
  12 orcs
  6 endoplasms
  2 giant cockroaches
  7 goblins
  6 hobgoblins
  2 quokkas
  5 ball pythons
  A bat (D:1)
  A frilled lizard (D:2)
  9 kobolds
  A rat (D:2)
81 creatures vanquished.

Notes
Turn   | Place    | Note
-------+----------+-------------------------------------------
     0 | D:1      | cforsyth the Meteoran Fighter began the quest for the Orb.
     0 | D:1      | Reached XP level 1. HP: 19/19 MP: 2/2
   385 | D:2      | Reached XP level 2. HP: 24/26 MP: 3/3
   418 | D:3      | Reached skill level 3 in Unarmed Combat
   418 | D:3      | Reached XP level 3. HP: 15/33 MP: 4/4
   656 | D:2      | Reached XP level 4. HP: 40/40 MP: 5/5
   708 | D:3      | Noticed Sigmund
   731 | D:3      | Killed Sigmund
   732 | D:3      | Reached skill level 5 in Fighting
   732 | D:3      | Reached skill level 5 in Unarmed Combat
   732 | D:3      | Reached XP level 5. HP: 19/48 MP: 6/6
   732 | D:3      | Reached XP level 6. HP: 22/56 MP: 7/7
   774 | D:4      | Noticed a black bear
   786 | D:4      | Killed a black bear
   807 | D:4      | Reached XP level 7. HP: 62/62 MP: 8/8
  1201 | D:4      | Reached skill level 6 in Unarmed Combat
  1207 | D:4      | Found a large runed translucent door.
  1207 | D:4      | Found a large runed translucent door.
  1238 | D:5      | Entered Level 5 of the Dungeon
  1251 | D:4      | Noticed salammoniac's ghost (amateur FeSh)
  1492 | D:5      | Noticed Duvessa
  1492 | D:5      | Noticed Dowan
  1521 | D:4      | You are sucked into a shaft and drop 2 floors!
  1556 | D:6      | Noticed a water moccasin
  1568 | D:6      | Killed a water moccasin
  1569 | D:6      | Reached skill level 7 in Unarmed Combat
  1569 | D:6      | Reached XP level 8. HP: 40/71 MP: 9/9
  1725 | D:5      | Killed Dowan
  1835 | D:5      | Found a staircase to the Ecumenical Temple.
  1845 | D:5      | Reached skill level 8 in Unarmed Combat
  1849 | Temple   | Entered the Ecumenical Temple
  2017 | D:5      | Noticed Eustachio
  2040 | D:5      | Killed Eustachio
  2041 | D:5      | Gained mutation: You passively map the area around you.
                  | [Meteoran growth]
  2041 | D:5      | Reached XP level 9. HP: 68/82 MP: 10/10
  2059 | D:6      | Noticed a troll
  2161 | D:6      | Reached skill level 9 in Unarmed Combat
  2274 | D:7      | Noticed a hornet
  2275 | D:7      | Found a hazy altar of Hepliaklqana.
  2286 | D:7      | Paralysed by a hornet for 1 turns
  2288 | D:7      | Slain by a hornet

Illustrated notes

Levels and vault maps discovered:
D:1:      sevenhm_arrival_forest_fort_small_5, layout_loops_ring
D:2:      layout_basic, minmay_fractal_squares_5
D:3:      layout_rooms, minmay_goblin_kobold_house, uniq_sigmund
D:4:      layout_cave_pods, serial_shops, nicolae_shop_hallway_plus,
          ebering_ghost_disaster_area, dreamdust_gnoll_farm
D:5:      layout_loops_corners, temple_statues, chequers_serial_rivers_small_b,
          uniq_eustachio, uniq_ijyb, uniq_duvessa
D:6:      layout_layer_cave, uniq_grinder, uniq_menkaure
D:7:      hellmonk_crumbling_castle, layout_loops_ring,
          nicolae_hepliaklqana_hazy_memory, slow_altar_1
Temple:   chequers_temple_sunken

Skill      XL: |  1  2  3  4  5  6  7  8  9 |
---------------+----------------------------+-----
Unarmed Combat | 3 5 7 8 9 |  9.0
Fighting       | 4 5 6 8 |  8.6
Armour         | |  3.6
Shields        | |  3.6

Action                     |  1- 3 |  4- 6 |  7- 9 || total
---------------------------+-------+-------+-------++-------
  Melee: Unarmed           |    97 |    21 |   228 ||   346
    Use: Potion            |       |     1 |       ||     1
         Scroll            |       |       |     9 ||     9
 Armour: Scale mail        |    23 |       |       ||    23
         Chain mail        |    30 |    14 |   140 ||   184
  Dodge: Dodged            |    31 |    10 |    41 ||    82
  Block: Buckler           |    24 |     9 |    50 ||    83

Table legend: (Time is in decaauts)
 A = Elapsed time spent in this place.
 B = Non-inter-level travel time spent in this place.
 C = Inter-level travel time spent in this place.
 D = Time resting spent in this place.
 E = Time spent auto-exploring this place.
 F = Levels seen in this place.
 G = Mean time per level.
                   A        B        C        D        E       F      G
               +--------+--------+--------+--------+--------+-----+--------+
         Total |   2274 |   2274 |      0 |      0 |      0 |   8 |  284.2 |
       Dungeon |   2220 |   2220 |      0 |      0 |      0 |   7 |  317.1 |
        Temple |     53 |     53 |      0 |      0 |      0 |   1 |   53.0 |
               +--------+--------+--------+--------+--------+-----+--------+

Top non-repeatable levels by time:
     D:4: 487 daAuts
     D:5: 366 daAuts
     D:3: 355 daAuts
     D:1: 336 daAuts
     D:2: 331 daAuts
     D:6: 230 daAuts
     D:7: 112 daAuts
  Temple: 53 daAuts
